 Dungeon Crawl Stone Soup version 0.27-a0-1434-g6f15984924 (webtiles) character file.

Game seed: 6839315063279531980

427 Sin92 the Shield-Bearer (level 6, -1/56 HPs)
             Began as a Minotaur Fighter on July 3, 2021.
             Slain by an ice beast (6 damage)
             ... on level 5 of the Dungeon.
             The game lasted 00:03:40 (3923 turns).

Sin92 the Shield-Bearer (Minotaur Fighter)          Turns: 3923, Time: 00:03:41

Health: -1/56      AC:  7    Str: 21    XL:     6   Next: 65%
Magic:  5/5        EV:  8    Int:  5    God:
Gold:   146        SH: 10    Dex: 11    Spells: 5/5 levels left

rFire    . . .     SeeInvis .   a - +0 long sword
rCold    . . .     Faith    .   c - +0 kite shield
rNeg     + . .     Spirit   .   b - +0 scale mail
rPois    .         Reflect  .   (helmet restricted)
rElec    .         Harm     .   (no cloak)
rCorr    .         Rampage  .   (no gloves)
Will     .....                  (no boots)
Stlth    ..........             (no amulet)
HPRegen  0.18/turn              i - ring of flight
MPRegen  0.09/turn              m - ring of positive energy

@: mighty, attractive, flying, very slightly contaminated, invisible
A: horns 2, retaliatory headbutt
a: no special abilities


You were on level 5 of the Dungeon.
You visited 1 branch of the dungeon, and saw 5 of its levels.

You collected 146 gold pieces.

Inventory:

Hand Weapons
 a - a +0 long sword (weapon)
Armour
 b - a +0 scale mail (worn)
 c - a +0 kite shield (worn)
Jewellery
 i - a ring of flight (left hand)
 m - a ring of positive energy (right hand)
Wands
 h - a wand of acid (7)
Scrolls
 l - a scroll of enchant armour {unknown}
 o - a scroll of teleportation
 p - 2 scrolls of identify
 r - a scroll of brand weapon {unknown}
Potions
 g - a potion of resistance
 j - 2 potions of lignification


   Skills:
 + Level 5.1 Fighting
 + Level 4.4 Long Blades
 + Level 5.2 Armour
 * Level 6.3 Shields


You had 5 spell levels left.
You didn't know any spells.
Your spell library contained the following spells:

 Spells                   Type           Power      Damage    Failure   Level
 Beastly Appendage        Tmut           0%         N/A       99%         1
 Corona                   Hex            0%         N/A       99%         1
 Magic Dart               Conj           0%         1d3       99%         1
 Sandblast                Erth           0%         2d4       99%         1
 Call Imp                 Summ           0%         N/A       99%         2
 Ensorcelled Hibernation  Hex/Ice        0%         N/A       99%         2
 Passwall                 Tmut/Erth      0%         N/A       99%         2
 Wereblood                Tmut           0%         N/A       99%         2
 Gell's Gravitas          Tloc           0%         N/A       100%        3
 Mephitic Cloud           Conj/Pois/Air  0%         N/A       100%        3
 Spider Form              Tmut/Pois      0%         N/A       100%        3
 Teleport Other           Tloc           0%         N/A       100%        3
 Tukima's Dance           Hex            0%         N/A       100%        3
 Lee's Rapid Deconstruct  Erth           0%         3d5*      100%        5
 Dispersal                Tloc           0%         N/A       100%        6


Dungeon Overview and Level Annotations

Branches:
Dungeon (5/15)
 Temple: D:4-7

Altars:
Fedhas
Kikubaaqudgha
Qazlal
Yredelemnul
The Shining One

Shops:
D:2 !

Annotations:
D:5 Grinder


Innate Abilities, Weirdness & Mutations

You have a pair of horns on your head.
You reflexively headbutt those who attack you in melee.


Message History

You block the black bear's attack. The black bear misses you.
You hit the black bear.
The black bear is heavily wounded.
You block the black bear's attack. The black bear closely misses you.
The black bear claws you.
* * * LOW HITPOINT WARNING * * *
Unknown command.
You slash the black bear!
The black bear is almost dead.
The black bear goes berserk!
The black bear barely misses you. You furiously retaliate!
You headbutt the black bear!
You kill the black bear!
You barely miss Grinder. Your headbutt misses Grinder.
You block Grinder's attack.
It was a potion of attraction.
You feel attractive to monsters. You block Grinder's attack.
You closely miss Grinder. Grinder gestures at you.
You suddenly lose the ability to move!
Grinder hits you but does no damage. Grinder hits you but does no damage.
Grinder blinks!
The ice beast is pulled toward you! Grinder is pulled toward you!
The ice beast hits you.
* * * LOW HITPOINT WARNING * * *
The ice beast freezes you.
* * * LOW HITPOINT WARNING * * *
The ice beast hits you but does no damage.
Grinder blinks!
Grinder is pulled toward you!
You can move again.
It was a potion of invisibility.
You fade into invisibility!
The ice beast barely misses you.
You are very lightly contaminated with residual magic.
You hit the ice beast.
The ice beast is severely wounded.
The ice beast barely misses you.
Grinder blinks!
The ice beast hits you.
* * * LOW HITPOINT WARNING * * *
The ice beast freezes you.
You die...

#......).....#
###.......####
#.......#
######'##
#...# #.###
#.# #.# #@#
#Y#
###ยง######.
#..........
#.....#####
#:.5..#
#.......
####....#
....#


You could see Grinder and an ice beast.

Vanquished Creatures
  A black bear (D:5)
  A phantom (D:3)
  A scorpion (D:5)
  An iguana (D:5)
  Terence (D:3)
  5 adders
  2 white imps (D:5)
  2 worms
  A dart slug (D:4)
  4 orcs (D:4)
  5 ball pythons
  7 endoplasms
  A giant cockroach (D:2)
  14 goblins
  7 hobgoblins
  4 jackals (D:2)
  6 kobolds
  6 quokkas
  5 bats
  A frilled lizard (D:2)
  9 rats
84 creatures vanquished.

Vanquished Creatures (others)
  A plant (D:3)
1 creature vanquished.

Grand Total: 85 creatures vanquished

Notes
Turn   | Place    | Note
-------+----------+-------------------------------------------
     0 | D:1      | Sin92 the Minotaur Fighter began the quest for the Orb.
     0 | D:1      | Reached XP level 1. HP: 19/19 MP: 0/0
   201 | D:1      | Reached XP level 2. HP: 27/27 MP: 1/1
   229 | D:1      | Reached skill level 4 in Shields
   668 | D:1      | Found a faded altar of an unknown god.
   690 | D:1      | Reached XP level 3. HP: 33/33 MP: 2/2
  1541 | D:2      | Reached XP level 4. HP: 40/40 MP: 3/3
  1595 | D:2      | Found Pynyg's Distillery.
  2049 | D:3      | Noticed a phantom
  2056 | D:3      | Killed a phantom
  2057 | D:3      | Reached skill level 5 in Shields
  2057 | D:3      | Reached XP level 5. HP: 35/47 MP: 4/4
  2305 | D:3      | Noticed Terence
  2313 | D:3      | Killed Terence
  2782 | D:4      | Found a blossoming altar of Fedhas.
  2923 | D:4      | Found a faded altar of an unknown god.
  2923 | D:4      | Found a basalt altar of Yredelemnul.
  2931 | D:4      | Found a faded altar of an unknown god.
  2933 | D:4      | Found a stormy altar of Qazlal.
  2948 | D:4      | Found an ancient bone altar of Kikubaaqudgha.
  3183 | D:4      | Found a glowing golden altar of the Shining One.
  3598 | D:5      | Entered Level 5 of the Dungeon
  3611 | D:5      | Reached XP level 6. HP: 25/55 MP: 5/5
  3819 | D:5      | Reached skill level 5 in Armour
  3819 | D:5      | Reached skill level 6 in Shields
  3844 | D:5      | Reached skill level 5 in Fighting
  3898 | D:5      | Noticed an ice beast
  3901 | D:5      | Noticed Grinder
  3917 | D:5      | Paralysed by Grinder for 5 turns
  3923 | D:5      | Slain by an ice beast

Illustrated notes

Levels and vault maps discovered:
D:1:      wander_arrival_peaceful_grave, layout_basic,
          chequers_ecumenical_altar_lobes, chequers_garden, kennysheep_boxes
D:2:      minmay_chambers_of_twos, layout_basic, serial_shops, shop,
          kennysheep_generic_room_14
D:3:      layout_basic, minivault_27, chequers_big_river, kennysheep_nub,
          uniq_terence
D:4:      layout_loops_ring, fedhas_ov_isle_minmay, kennysheep_mini_moat,
          chequers_temple_overflow_minitemple
D:5:      layout_basic, nicolae_wu_jian_wuxing_cycle, uniq_grinder

Skill      XL: |  1  2  3  4  5  6 |
---------------+-------------------+-----
Shields        | 4 5 6 |  6.3
Fighting       | 4 5 |  5.1
Armour         | 4 5 |  5.2
Long Blades    | 3 4 |  4.4

Action                   |  1- 3 |  4- 6 || total
-------------------------+-------+-------++-------
Melee: Long sword        |    96 |   102 ||   198
       Headbutt          |    13 |    22 ||    35
  Use: Potion            |       |     7 ||     7
       Scroll            |       |     3 ||     3
Armor: Scale mail        |    42 |    52 ||    94
Dodge: Dodged            |    28 |    39 ||    67
Block: Kite shield       |    53 |    66 ||   119
       Rpst.: Long sword |     2 |     6 ||     8

Table legend: (Time is in decaauts)
 A = Elapsed time spent in this place.
 B = Non-inter-level travel time spent in this place.
 C = Inter-level travel time spent in this place.
 D = Time resting spent in this place.
 E = Time spent auto-exploring this place.
 F = Levels seen in this place.
 G = Mean time per level.
                   A        B        C        D        E       F      G
               +--------+--------+--------+--------+--------+-----+--------+
         Total |   3988 |   3878 |    110 |      0 |   3316 |   5 |  797.6 |
       Dungeon |   3988 |   3878 |    110 |      0 |   3316 |   5 |  797.6 |
               +--------+--------+--------+--------+--------+-----+--------+

Top non-repeatable levels by time:
     D:1: 1016 daAuts
     D:2: 918 daAuts
     D:3: 909 daAuts
     D:4: 828 daAuts
     D:5: 315 daAuts
